 Dungeon Crawl Stone Soup version 0.29.0-13-gc9e81de378 (webtiles) character file.

Game seed: 17110969000844709189

10789 SnakkuSnakku7 the Thaumaturge (level 11, 0/74 HPs)
             Began as a Djinni Monk on Sept 8, 2022.
             Was an Elder of Dithmenos.
             Slain by a four-headed hydra (12 damage)
             ... on level 1 of the Lair of Beasts.
             The game lasted 00:25:46 (14020 turns).

SnakkuSnakku7 the Thaumaturge (Djinni Monk)        Turns: 14020, Time: 00:25:47

Health: 0/74       AC:  8    Str: 10    XL:     11   Next: 99%
Gold:   518        EV: 13    Int: 15    God:    Dithmenos [****..] SH:  4 Dex: 17

rFire   + + .      SeeInvis .   a - +3 dagger (vamp)
rCold   x . .      Faith    .   f - +0 buckler
rNeg    . . .      Spirit   .   k - +0 steam dragon scales
rPois   ∞          Reflect  .   x - +2 helmet
rElec   .          Harm     .   i - scarf {shadows}
rCorr   .          Rampage  .   (no gloves)
Will    +....                   (boots unavailable)
Stlth   ++++++....              p - amulet of the acrobat
HPRegen 0.22/turn               (no ring)
MPRegen 0.00/turn               (no ring)

@: flying, wreathed by umbra
A: sickness immunity, fire resistance 2, cold vulnerability 1, float, innate
caster, HP casting, extra vitality 1
a: Renounce Religion, Shadow Step


You were on level 1 of the Lair of Beasts.
You worshipped Dithmenos.
Dithmenos was greatly pleased with you.
You visited 3 branches of the dungeon, and saw 12 of its levels.
You also visited: Sewer and Bailey.

You collected 518 gold pieces.

Inventory:

Hand Weapons
 a - a +3 vampiric dagger (weapon)
Missiles
 m - 23 poisoned darts
 A - a curare-tipped dart
Armour
 b - a +0 robe
 c - a +2 leather armour of fire resistance
 f - a +0 buckler (worn)
 i - a scarf of shadows (worn)
 k - +0 steam dragon scales (worn)
 o - +0 acid dragon scales
 x - a +2 helmet (worn)
Jewellery
 p - an amulet of the acrobat (around neck)
 y - an amulet of faith
Scrolls
 d - 2 scrolls of immolation
 j - 3 scrolls of butterflies
 l - a scroll of poison
 q - a scroll of teleportation
 s - 2 scrolls of vulnerability
 v - a scroll of blinking
 w - 2 scrolls of silence
 z - 2 scrolls of magic mapping
Potions
 e - a potion of heal wounds
 g - 2 potions of resistance
 h - a potion of invisibility
 n - a potion of ambrosia
 r - a potion of might
 t - a potion of mutation
 B - 3 potions of curing


   Skills:
 - Level 4.9 Fighting
 - Level 4.4(4.8) Short Blades
 - Level 2.6(4.0) Long Blades
 - Level 3.2 Dodging
 + Level 8.8 Stealth
 - Level 10.9 Spellcasting


You had 17 spell levels left.
You knew the following spells:

 Your Spells              Type           Power      Damage    Failure   Level
a - Summon Small Mammal   Summ           100%       N/A       1%          1
b - Ensorcelled Hibernat  Hex/Ice        82%        N/A       1%          2
c - Passwall              Tmut/Erth      34%        N/A       1%          2
d - Summon Ice Beast      Ice/Summ       41%        N/A       1%          4
e - Metabolic Englaciati  Hex/Ice        20%        N/A       3%          5
Your spell library was empty.

Dungeon Overview and Level Annotations

Branches:
Dungeon (10/15)            Temple (1/1) D:7            Lair (1/5) D:10
    Orc (0/2) D:9           Sewer (visited)          Bailey (visited)

Altars:
Ashenzari
Cheibriados
Dithmenos
Elyvilon
Fedhas
Gozag
Hepliaklqana
Makhleb
Okawaru
Qazlal
Ru
Trog
Uskayaw
Wu Jian
Xom
Yredelemnul
Zin
The Shining One

Annotations:
D:3 2 runed translucent doors, smilodon's ghost, weakling DsFi
D:7 2 transporters, miserystealer's ghost, novice DEFE


Innate Abilities, Weirdness & Mutations

You are immune to sickness and miasma.
You are immune to poison.
Your flesh is very heat resistant. (rF++)
You are vulnerable to cold. (rC-)
You float through the air rather than walking.
You learn spells naturally, not from books.
Your magical power is your life essence.
You have superior vitality. (+4 MHP)


Message History

The four-headed hydra misses you.
The four-headed hydra bites you but does no damage.
Unknown command.
Aiming: Ensorcelled Hibernation (safe; 1% risk of failure)
Press: ? - help, Q - select action, (/) - cycle Shift-Dir - straight line, f - four-headed hydra
Aim: a four-headed hydra (severely wounded, umbra, chance to affect: 32%)
The four-headed hydra easily resists.
Your shadow mimicks your spell!
The four-headed hydra resists with almost no effort.
The four-headed hydra bites you! x2; The four-headed hydra bites you.
The four-headed hydra bites you!
Aiming: Ensorcelled Hibernation (safe; 1% risk of failure)
Press: ? - help, Q - select action, (/) - cycle Shift-Dir - straight line, f/p - four-headed hydra
Aim: a four-headed hydra (severely wounded, umbra, chance to affect: 32%)
The four-headed hydra easily resists.
The four-headed hydra bites you.
The four-headed hydra closely misses you.
The four-headed hydra bites you.
You block the four-headed hydra's attack.
Aiming: Ensorcelled Hibernation (safe; 1% risk of failure)
Press: ? - help, Q - select action, (/) - cycle Shift-Dir - straight line, f/p - four-headed hydra
Aim: a four-headed hydra (severely wounded, umbra, chance to affect: 32%)
The four-headed hydra easily resists.
The four-headed hydra bites you!
* * * LOW HITPOINT WARNING * * *
The four-headed hydra bites you.
* * * LOW HITPOINT WARNING * * *
The four-headed hydra bites you but does no damage. x2
Unknown command.
Aiming: Ensorcelled Hibernation (safe; 1% risk of failure)
Press: ? - help, Q - select action, (/) - cycle Shift-Dir - straight line, f/p - four-headed hydra
Aim: a four-headed hydra (severely wounded, umbra, chance to affect: 32%)
The four-headed hydra easily resists.
* * * LOW HITPOINT WARNING * * *
The four-headed hydra bites you.
* * * LOW HITPOINT WARNING * * *
The four-headed hydra closely misses you.
The four-headed hydra bites you but does no damage.
The four-headed hydra bites you!
You die...

~~~P...#.# #P...#
~~~....#.# #....#
~~P~.....# #....#
~~~....#.####...# ###
~P....#..####<.###....
~~P...##..# ##......#
~P....##.## #.....###
~~........# ##..###
~~~..D@..####.###
###..#.......D# #..
........## #.
..........# ..
...........# .
............#
###..........##
:........## ###
.......#..####.#


You could see a four-headed hydra.

Vanquished Creatures
  Pikel (D:4)
  A kobold demonologist (D:10)
  Maggie (D:9)
  A hornet (D:9)
  Grinder (D:6)
  4 blink frogs (Lair:1)
  11 yaks
  5 wyverns
  2 steam dragons
  2 wargs (D:10)
  Edmund (D:5)
  3 water moccasins (Lair:1)
  A black bear (D:5)
  7 orc warriors
  A sky beast (D:8)
  2 ogres
  2 centaurs
  3 lemures (D:4)
  2 kobold brigands
  2 gnoll sergeants
  6 bullfrogs
  5 scorpions
  5 wights
  7 killer bees
  6 howler monkeys
  3 orc priests
  7 hounds
  3 jellies
  5 gnoll boudas
  2 iguanas
  6 orc wizards
  39 gnolls
  14 adders
  3 river rats (Sewer)
  3 white imps
  An ufetubus (D:6)
  6 worms
  3 dart slugs
  29 orcs
  5 bats
  7 endoplasms
  3 giant cockroaches
  16 goblins
  9 hobgoblins
  18 kobolds
  7 quokkas
  13 ball pythons
  3 frilled lizards
  14 rats
301 creatures vanquished.

Vanquished Creatures (collateral kills)
  2 orc knights (Bailey)
  A sky beast (D:8)
  A phantom (D:6)
  2 wights (D:7)
  A worm (D:3)
  A goblin (Bailey)
8 creatures vanquished.

Vanquished Creatures (others)
  10 demonic plants (D:1)
  5 fungi
  8 plants (Lair:1)
  3 withered plants (D:1)
26 creatures vanquished.

Grand Total: 335 creatures vanquished

Notes
Turn   | Place    | Note
-------+----------+-------------------------------------------
     0 | D:1      | SnakkuSnakku7 the Djinni Monk began the quest for the Orb.
     0 | D:1      | Reached XP level 1. HP: 20/20 MP: 0/0
   127 | D:1      | Reached skill level 1 in Spellcasting
   127 | D:1      | Reached XP level 2. HP: 23/25 MP: 0/0
   369 | D:1      | Found a faded altar of an unknown god.
   553 | D:1      | Reached XP level 3. HP: 30/30 MP: 0/0
   553 | D:1      | Learned a level 1 spell: Summon Small Mammal
   819 | D:1      | Reached skill level 2 in Spellcasting
  1238 | D:2      | Reached XP level 4. HP: 35/35 MP: 0/0
  1966 | D:3      | Found a glowing drain.
  1991 | Sewer    | Entered a sewer
  2237 | Sewer    | Reached skill level 3 in Spellcasting
  2386 | Sewer    | Reached XP level 5. HP: 40/40 MP: 0/0
  2386 | Sewer    | Learned a level 2 spell: Ensorcelled Hibernation
  2459 | Sewer    | HP: 1/40 [river rat (9)]
  2671 | Sewer    | Noticed a kobold brigand
  2704 | Sewer    | Killed a kobold brigand
  2705 | Sewer    | Reached skill level 4 in Spellcasting
  2705 | Sewer    | Reached XP level 6. HP: 4/46 MP: 0/0
  3274 | D:3      | Found a bloodstained altar of Trog.
  3310 | D:3      | Reached skill level 1 in Short Blades
  3600 | D:3      | Found a large runed translucent door.
  3614 | D:3      | Found a large runed translucent door.
  3615 | D:3      | Noticed smilodon's ghost (weakling DsFi)
  4063 | D:4      | Reached XP level 7. HP: 41/50 MP: 0/0
  4063 | D:4      | Learned a level 2 spell: Passwall
  4288 | D:4      | Noticed Pikel
  4951 | D:4      | Killed Pikel
  4952 | D:4      | Reached XP level 8. HP: 17/56 MP: 0/0
  5199 | D:5      | Entered Level 5 of the Dungeon
  5494 | D:5      | Noticed Edmund
  5500 | D:5      | Killed Edmund
  5501 | D:5      | Reached skill level 5 in Spellcasting
  5746 | D:5      | Reached skill level 6 in Spellcasting
  5888 | D:5      | Reached XP level 9. HP: 40/60 MP: 0/0
  5888 | D:5      | Learned a level 4 spell: Summon Ice Beast
  6267 | D:6      | Reached skill level 7 in Spellcasting
  6542 | D:6      | Noticed Grinder
  6546 | D:6      | Paralysed by Grinder for 3 turns
  6958 | D:6      | Paralysed by Grinder for 5 turns
  6964 | D:6      | Killed Grinder
  7595 | D:7      | Reached skill level 8 in Spellcasting
  7975 | D:7      | Found a staircase to the Ecumenical Temple.
  7993 | D:7      | Reached XP level 10. HP: 60/67 MP: 0/0
  8018 | Temple   | Entered the Ecumenical Temple
  8098 | Temple   | Became a worshipper of Dithmenos the Shadowed
  8098 | Temple   | Reached * piety under Dithmenos
  8098 | Temple   | Reached ** piety under Dithmenos
  8353 | D:7      | You are sucked into a shaft and drop 3 floors!
  8353 | D:10     | Entered Level 10 of the Dungeon
  8387 | D:9      | Noticed Maggie
  8405 | D:9      | Reached skill level 9 in Spellcasting
  8407 | D:9      | Killed Maggie
  8643 | D:8      | Found a flagged portal.
  8684 | Bailey   | Entered a bailey
  8963 | Bailey   | Reached skill level 10 in Spellcasting
  9117 | Bailey   | Noticed an orc knight
  9128 | Bailey   | Killed an orc knight
  9435 | Bailey   | Noticed an orc knight
  9485 | Bailey   | Noticed an orc warlord
  9508 | Bailey   | Killed an orc knight
  9785 | Bailey   | Reached *** piety under Dithmenos
  9802 | Bailey   | Noticed an orc knight
 10109 | D:7      | Reached XP level 11. HP: 69/71 MP: 0/0
 10109 | D:7      | Learned a level 5 spell: Metabolic Englaciation
 10439 | D:7      | Noticed a moth of wrath
 10453 | D:7      | Noticed miserystealer's ghost (novice DEFE)
 10572 | D:7      | Found a transporter.
 10575 | D:7      | Found a transporter.
 11104 | D:8      | Found a white marble altar of Elyvilon.
 11110 | D:8      | Found a hide-covered altar of Uskayaw.
 11112 | D:8      | Found a burning altar of Makhleb.
 11114 | D:8      | Found an ornate altar of the Wu Jian Council.
 11507 | D:9      | Found a staircase to the Orcish Mines.
 12111 | D:9      | Reached skill level 5 in Stealth
 12281 | D:9      | Identified the amulet "Gyimit" {RegenMP Str+4 Dex+5}
 12597 | D:10     | Found a staircase to the Lair.
 13128 | D:10     | Reached **** piety under Dithmenos
 13300 | Lair:1   | Entered Level 1 of the Lair of Beasts
 13411 | Lair:1   | Noticed a six-headed hydra
 14012 | Lair:1   | Noticed a four-headed hydra
 14020 | Lair:1   | Slain by a four-headed hydra

Illustrated notes

Levels and vault maps discovered:
D:1:      dpeg_arrival_subterranean_lakeside_camping, layout_loops_ring,
          shapermc_ecumenical_altar_gd, minmay_curled_crystal
D:2:      layout_loops_ring
D:3:      layout_basic, mainiacjoe_overflow_six_doors_small,
          ebering_ghost_disaster_area, cheibrodos_sewer_entry_bend,
          minmay_strange_pillars
D:4:      layout_loops_ring, corexii_shack, chequers_mini_garden, uniq_pikel
D:5:      layout_loops_ring, uniq_edmund
D:6:      layout_basic, uniq_grinder
D:7:      layout_cave_pools, minmay_temple_entry_junction,
          gammafunk_ghost_wrathful_warriors
D:8:      layout_loops_corners, chequers_temple_overflow_minitemple,
          enter_bailey_2
D:9:      layout_gridville, mainiacjoe_overflow_alcove_1,
          grunt_decor_resistance, st_stairs_8, uniq_maggie
D:10:     layout_big_octagon, erik_lair_orcish_takeover
Temple:   nicolae_temple_superstar
Lair:1:   layout_cave_pods, serial_bayou_shore_a

Skill      XL: |  1  2  3  4  5  6  7  8  9 10 11 |
---------------+----------------------------------+-----
Spellcasting   | 1 2 3 4 6 8 10 | 10.9
Short Blades   | 2 4 |  4.4
Stealth        | 4 8 |  8.8
Fighting       | 4 |  4.9
Long Blades    | |  2.6
Dodging        | |  3.2

Action                   |  1- 3 |  4- 6 |  7- 9 | 10-12 || total
-------------------------+-------+-------+-------+-------++-------
Melee: Falchion          |    22 |       |       |       ||    22
       Dagger            |    64 |   246 |   173 |   304 ||   787
       Punch             |       |     6 |     1 |       ||     7
Throw: Throwing net      |       |     1 |       |       ||     1
 Cast: Summon Small Mamm |       |     2 |     1 |     2 ||     5
       Ensorcelled Hiber |       |    41 |    70 |   191 ||   302
       Summon Ice Beast  |       |       |     2 |     9 ||    11
       Metabolic Englaci |       |       |       |     4 ||     4
Evoke: Wand              |       |       |     6 |    11 ||    17
  Use: Potion            |       |     5 |       |     1 ||     6
       Scroll            |       |       |    15 |    13 ||    28
 Stab: Sleeping          |    10 |    33 |    54 |   133 ||   230
       Distracted        |     1 |       |       |     3 ||     4
       Invisible         |       |       |       |     1 ||     1
Armor: Robe              |     8 |    21 |    12 |       ||    41
       Leather armour    |       |       |     3 |    40 ||    43
       Steam dragon scal |       |       |       |    47 ||    47
Dodge: Dodged            |    45 |   148 |    95 |   286 ||   574
Block: Buckler           |       |       |       |    36 ||    36
